 Dungeon Crawl Stone Soup version 0.28-a0-535-g6f645e4c1d (webtiles) character file.

Game seed: 9586032591597381116

46 ytrimaz the Skirmisher (level 3, -2/29 HPs)
             Began as a Demonspawn Monk on Sept 27, 2021.
             Slain by Robin (3 damage)
             ... on level 1 of the Dungeon.
             The game lasted 00:02:46 (2269 turns).

ytrimaz the Skirmisher (Demonspawn Monk)            Turns: 2269, Time: 00:02:47

Health: -2/29      AC:  2    Str: 12    XL:     3   Next: 46%
Magic:  3/3        EV: 16    Int: 11    God:
Gold:   32         SH:  0    Dex: 15    Spells: 2/2 levels left

rFire   . . .      SeeInvis .     - Unarmed
rCold   . . .      Faith    .   (no shield)
rNeg    . . .      Spirit   .   a - +0 robe
rPois   .          Reflect  .   (no helmet)
rElec   .          Harm     .   (no cloak)
rCorr   .          Rampage  .   (no gloves)
Will    .....                   (no boots)
Stlth   ++........              (no amulet)
HPRegen 0.09/turn               (no ring)
MPRegen 0.08/turn               (no ring)

@: about to teleport
A: repulsion field 2
a: no special abilities


You were on level 1 of the Dungeon.
You visited 1 branch of the dungeon, and saw 2 of its levels.

You collected 32 gold pieces.

Inventory:

Armour
 a - a +0 robe (worn)
Scrolls
 e - a scroll of identify {unknown}
Potions
 b - a potion of resistance {unknown}
 d - a potion of lignification {unknown}
 f - 3 potions of mutation {unknown}


   Skills:
 * Level 3.5 Fighting
 * Level 3.3 Dodging
 - Level 1.7 Stealth
 + Level 3.1 Unarmed Combat


You had 2 spell levels left.
You didn't know any spells.
Your spell library was empty.

Dungeon Overview and Level Annotations

Branches:
Dungeon (2/15)

Altars:

Shops:
D:1 *

Annotations:
D:1 Robin


Innate Abilities, Weirdness & Mutations

You are surrounded by a moderate repulsion field. (EV +3)


Message History

You hit Robin.
Robin is severely wounded.
Robin roars a battlecry!
The goblin goes into a battle-frenzy!
You hear a shout!
You closely miss Robin.
Robin is severely wounded.
Robin hits you with a +2 spectral club.
The goblin shouts!
You hit Robin but do no damage.
Robin is severely wounded.
Robin roars a battlecry!
The goblin goes into a battle-frenzy!
A goblin comes into view. It is wielding a +0 dagger.
You barely miss Robin.
Robin is severely wounded.
Robin hits you with a +2 spectral club. The goblin barely misses you.
There is a stone staircase leading up here.
Robin throws the goblin at you!
The goblin hits you with a +1 dagger of holy wrath.
You convulse.
You climb upwards.
There is a stone staircase leading down here.
You barely miss Robin.
Robin is severely wounded.
Robin hits you with a +2 spectral club.
The goblin hits you with a +1 dagger of holy wrath.
You convulse.
You hit Robin but do no damage.
Robin is severely wounded.
Robin hits you with a +2 spectral club.
* * * LOW HITPOINT WARNING * * *
The goblin hits you with a +1 dagger of holy wrath.
* * * LOW HITPOINT WARNING * * *
You convulse.
* * * LOW HITPOINT WARNING * * *
As you read the scroll labelled SUAJEHULAL, it crumbles to dust.
You feel strangely unstable.
It was a scroll of teleportation.
Robin hits you with a +2 spectral club.
You die...

#.###.# #.####...... ###.###.####
#.##........
#..........#########...........
#.#.###.........).....#.#.##.#.
#.#.###..#.###........#.#.##.#.
#.#...#..#.# #.########....#.#.
#.#...)..#.###.#### ##.......#
#.#.###..#.....g..####.......##
#...# #.....##@.............รท.#
###.#.###......)g..............#.
#................##.#####........
#.#...........##.##.# #....###.
#.#.######..#.##.##.# #........
#.#.# ##.#.......# ##...####
#.#.# #.####.##########.#####
#.#.#### #.# #..........#(.....
#......# #.# ##########.#######


You could see Robin and a goblin (strong).

Vanquished Creatures
  A dart slug (D:1)
  6 ball pythons
  2 bats (D:1)
  5 endoplasms (D:1)
  2 giant cockroaches (D:1)
  5 goblins
  2 hobgoblins
  5 jackals (D:1)
  A quokka (D:1)
  3 frilled lizards
  2 kobolds (D:1)
  7 rats
41 creatures vanquished.

Notes
Turn   | Place    | Note
-------+----------+-------------------------------------------
     0 | D:1      | ytrimaz the Demonspawn Monk began the quest for the Orb.
     0 | D:1      | Reached XP level 1. HP: 18/18 MP: 1/1
   436 | D:1      | Gained mutation: You are surrounded by a mild repulsion
                  | field. (EV +2) [demonic ancestry]
   436 | D:1      | Reached XP level 2. HP: 21/24 MP: 2/2
   773 | D:1      | Found Waosy's Assorted Antiques.
  1038 | D:1      | Gained mutation: You are surrounded by a moderate repulsion
                  | field. (EV +3) [demonic ancestry]
  1038 | D:1      | Reached XP level 3. HP: 29/29 MP: 3/3
  1959 | D:2      | Noticed Robin
  2268 | D:1      | HP: 1/29 [goblin[Robin] (1)]
  2269 | D:1      | Slain by Robin

Illustrated notes

Levels and vault maps discovered:
D:1:      kennysheep_arrival_seaside, layout_loops_ring, serial_shops, shop
D:2:      layout_loops_ring, uniq_robin

Skill      XL: |  1  2 |
---------------+-------+-----
Dodging        | 3 |  3.3
Unarmed Combat | 3 |  3.1
Fighting       | |  3.5
Stealth        | |  1.7

Action                   || total
-------------------------++-------
Melee: Unarmed           ||   163
       Punch             ||     3
  Use: Scroll            ||     1
 Stab: Sleeping          ||     7
Armor: Robe              ||    14
Dodge: Dodged            ||   120

Table legend: (Time is in decaauts)
 A = Elapsed time spent in this place.
 B = Non-inter-level travel time spent in this place.
 C = Inter-level travel time spent in this place.
 D = Time resting spent in this place.
 E = Time spent auto-exploring this place.
 F = Levels seen in this place.
 G = Mean time per level.
                   A        B        C        D        E       F      G
               +--------+--------+--------+--------+--------+-----+--------+
         Total |   2264 |   2215 |     49 |    549 |   1230 |   2 | 1132.0 |
       Dungeon |   2264 |   2215 |     49 |    549 |   1230 |   2 | 1132.0 |
               +--------+--------+--------+--------+--------+-----+--------+

Top non-repeatable levels by time:
     D:1: 1754 daAuts
     D:2: 510 daAuts
